AoeStats
← zypro

Arena

510269921Analyzed
4v4 RM · 2d ago on Sep 30, 2026· 33m 42s· 8 players
Game mode
Random Map
Map size
Large (8 player)
Population
200
Speed
Normal
Resources
Standard
Victory
Conquest
Starting age
Dark Age
Ending age
Imperial Age
RankedLock teamsTeams togetherTeam positionsShared explorationLock speedFull tech treeHidden civsTurbo modeCheats
Victory
Defeat
🇨🇳 Saxons · China
1711
+12
🇨🇳 Khmer · China
1695
+13
🇺🇸 Burmese · United States
1657
+14
🇦🇺 Italians · Australia
1526
+21
🇨🇳 Mongols · China
1699
-18
🇸🇬 Inca · Singapore
1674
-17
🇨🇳 Burmese · China
1636
-15
🇮🇳 Saxons · India
1486
-10
Noob ai
9:29 Feudal Age
13:13 Castle Age
11:02 Double-Bit Axe
11:29 Horse Collar
17:38 Wheelbarrow
18:09 Loom
21:49 Loom
22:17 Gold Mining
25:23 Imperial Age
22:50 Town Watch
24:45 Hand Cart
24:50 Bow Saw
25:08 Fletching
25:11 Stone Mining
27:09 Chemistry
27:09 Stone Shaft Mining
29:45 Bodkin Arrow
30:26 Padded Archer Armor
32:39 Ballistics
33:35 Bracer
34:10 Leather Archer Armor
Thundernips, The Ultimate Gigolo
9:09 Loom
11:22 Feudal Age
15:03 Castle Age
13:13 Horse Collar
16:53 Heavy Plow
17:37 Wheelbarrow
22:09 Fervor
22:37 Gold Mining
23:15 Hand Cart
25:30 Sanctity
28:50 Imperial Age
27:03 Gold Shaft Mining
27:14 Scale Barding Armor
27:20 Forging
27:23 Pikeman
28:03 Squires
28:51 Chain Barding Armor
28:43 Husbandry
29:00 Stone Mining
29:35 Bloodlines
29:01 Elite Battle Elephant
30:21 Plate Barding Armor
30:23 Iron Casting
29:50 Scale Mail Armor
30:18 Guilds
30:25 Town Watch
30:34 Fletching
31:29 Iron Casting
30:55 Scale Mail Armor
31:14 Block Printing
31:24 Illumination
31:34 Theocracy
31:24 Illumination
31:34 Theocracy
30:33 Halberdier
31:45 Bodkin Arrow
32:48 Chain Mail Armor
33:33 Blast Furnace
32:34 Bracer
32:53 Padded Archer Armor
33:41 Crop Rotation
33:14 Bracer
jijiojojo
9:53 Feudal Age
13:37 Castle Age
11:55 Double-Bit Axe
12:57 Loom
17:54 Scale Mail Armor
25:59 Horse Collar
29:14 Bow Saw
34:49 Imperial Age
32:42 Gold Mining
32:56 Fletching
33:07 Padded Archer Armor
34:21 Ballistics
34:01 Bodkin Arrow
zypro
9:46 Feudal Age
13:08 Castle Age
11:05 Double-Bit Axe
11:03 Horse Collar
14:06 Bow Saw
20:32 Heavy Plow
21:33 Wheelbarrow
21:38 Gold Mining
21:53 Loom
22:42 Hand Cart
23:13 Gold Shaft Mining
23:22 Stone Mining
24:42 Scale Barding Armor
27:15 Imperial Age
25:04 Forging
25:23 Husbandry
25:24 Town Watch
25:54 Bloodlines
26:46 Chain Barding Armor
28:26 Iron Casting
27:43 Capped Ram
29:25 Plate Barding Armor
31:27 Blast Furnace
32:09 Elite Battle Elephant
33:22 Ballistics
33:08 Siege Engineers
35:14 Chemistry
Backspace
9:56 Feudal Age
10:43 Double-Bit Axe
11:06 Horse Collar
13:38 Castle Age
16:37 Wheelbarrow
18:35 Bow Saw
19:42 Town Watch
20:40 Hand Cart
21:45 Gold Mining
22:35 Horse Collar
27:04 Imperial Age
24:28 Loom
26:28 Gold Shaft Mining
26:30 Ballistics
26:33 Fletching
27:20 Heavy Scorpion
29:25 Drill
31:11 Chemistry
I'm AOE2 Noob
10:40 Feudal Age
14:40 Castle Age
13:23 Horse Collar
20:25 Padded Archer Armor
25:41 Wheelbarrow
26:11 Gold Mining
26:12 Stone Mining
27:03 Hand Cart
30:41 Imperial Age
28:40 Gold Mining
28:40 Stone Mining
30:36 Fletching
31:02 Elite Arambai
32:44 Bloodlines
32:35 Husbandry
Lyrachord
10:45 Feudal Age
11:35 Double-Bit Axe
14:33 Castle Age
12:24 Horse Collar
15:41 Bow Saw
18:37 Loom
25:44 Heavy Plow
25:56 Town Watch
27:11 Wheelbarrow
28:34 Gold Mining
30:07 Hand Cart
33:46 Imperial Age
31:57 Gold Shaft Mining
31:12 Stone Mining
30:54 Pikeman
31:54 Arson
32:10 Squires
32:35 Gambesons
Arietta Fine
10:55 Feudal Age
14:23 Castle Age
12:40 Double-Bit Axe
12:35 Horse Collar
15:19 Heavy Plow
15:35 Bow Saw
21:49 Wheelbarrow
22:02 Bow Saw
21:53 Gold Mining
27:35 Imperial Age
24:51 Loom
26:08 Gold Shaft Mining
26:02 Hand Cart
27:16 Squires
26:37 Champi Runner
27:02 Arson
27:18 Scale Mail Armor
27:29 Forging
27:13 Pikeman
27:34 Champi Warrior
28:47 Chain Mail Armor
29:08 Iron Casting
28:34 Pikeman
28:45 Elite Champi Warrior
29:29 Halberdier
29:33 Elite Champi Warrior
29:57 Elite Champi Warrior
30:28 Halberdier
30:36 Elite Champi Warrior
Connection lost

Rejoining the realm…

Still unreachable

The connection could not be restored.

Session expired

The server has moved on; the page needs a fresh start.